AoeStats
← BigBallsBerry

Fortress

509917611Analyzed
3v3 RM · 2d ago on Sep 28, 2026· 54m 9s· 6 players
Game mode
Random Map
Map size
Large (8 player)
Population
200
Speed
Normal
Resources
Standard
Victory
Conquest
Starting age
Dark Age
Ending age
Imperial Age
RankedLock teamsTeams togetherTeam positionsShared explorationLock speedFull tech treeHidden civsTurbo modeCheats
Victory
Defeat
🇭🇺 Vietnamese · Hungary
976
+14
🇬🇧 Franks · United Kingdom
926
+16
🇪🇸 Italians · Spain
914
+17
🇪🇸 Goths · Spain
936
-16
🇪🇸 Italians · Spain
927
-16
🇪🇸 Maya · Spain
924
-15
BigBallsBerry
4:33 Loom
6:29 Feudal Age
7:08 Double-Bit Axe
14:09 Castle Age
12:07 Gold Mining
13:21 Forging
13:17 Scale Barding Armor
14:21 Wheelbarrow
13:35 Loom
15:14 Bow Saw
15:15 Husbandry
18:51 Chain Barding Armor
20:49 Stone Mining
22:54 Iron Casting
28:15 Imperial Age
30:17 Plate Barding Armor
31:21 Chivalry
31:03 Cavalier
31:35 Fletching
31:46 Padded Archer Armor
31:09 Elite Skirmisher
33:11 Imperial Skirmisher
38:46 Light Cavalry
42:26 Chemistry
Carrillo
8:07 Feudal Age
10:29 Horse Collar
10:39 Double-Bit Axe
13:35 Castle Age
12:00 Fletching
12:11 Padded Archer Armor
14:38 Heavy Plow
14:52 Bow Saw
15:38 Arson
17:18 Town Watch
17:20 Loom
18:55 Bodkin Arrow
19:19 Leather Archer Armor
20:31 Ballistics
25:06 Imperial Age
22:42 Scale Mail Armor
22:53 Forging
22:57 Fortified Wall
22:28 Treadmill Crane
22:59 Masonry
23:11 Caravan
25:08 Chain Mail Armor
25:28 Iron Casting
25:11 Town Patrol
25:47 Wheelbarrow
27:38 Murder Holes
29:33 Chemistry
29:00 Conscription
29:17 Hoardings
42:04 Architecture
45:18 Wheelbarrow
45:42 Bracer
47:36 Plate Mail Armor
49:00 Iron Casting
53:20 Blast Furnace
52:54 Ring Archer Armor
Terminor
0:31 Loom
6:45 Feudal Age
7:21 Double-Bit Axe
9:30 Horse Collar
16:59 Castle Age
17:54 Bow Saw
19:32 Heavy Plow
21:41 Wheelbarrow
22:18 Hand Cart
23:38 Stone Mining
25:07 Gold Mining
25:54 Stone Shaft Mining
26:52 Town Watch
28:14 Fortified Wall
28:18 Masonry
28:03 Fletching
30:57 Imperial Age
31:23 Thumb Ring
30:39 Crossbowman
31:18 Bodkin Arrow
31:24 Padded Archer Armor
31:34 Arbalester
33:43 Chemistry
33:04 Ballistics
32:40 Murder Holes
34:42 Two-Man Saw
34:19 Crop Rotation
33:59 Bracer
34:14 Leather Archer Armor
34:58 Bombard Tower
34:28 Guard Tower
34:24 Arrowslits
35:56 Paper Money
37:55 Husbandry
38:06 Bloodlines
37:58 Chatras
39:01 Ring Archer Armor
38:37 Scale Barding Armor
38:43 Forging
41:53 Chain Barding Armor
42:09 Iron Casting
43:37 Plate Barding Armor
42:28 Light Cavalry
Che Guevara
2:00 Loom
8:22 Feudal Age
8:55 Double-Bit Axe
8:52 Horse Collar
9:28 Gold Mining
15:29 Castle Age
13:49 Stone Mining
16:55 Bow Saw
17:25 Stone Shaft Mining
16:52 Heavy Plow
17:34 Wheelbarrow
20:37 Fortified Wall
20:44 Fletching
20:27 Crossbowman
21:38 Town Watch
25:32 Hand Cart
25:36 Padded Archer Armor
26:00 Ballistics
26:55 Thumb Ring
28:07 Leather Archer Armor
27:48 Bodkin Arrow
31:50 Imperial Age
32:46 Bracer
33:17 Ring Archer Armor
33:12 Conscription
34:09 Chemistry
32:34 Arbalester
33:42 Elite Skirmisher
37:50 Hul'che Javelineers
39:51 Elite Skirmisher
Per saecula saeculorum
8:19 Feudal Age
9:09 Feudal Age
12:11 Wheelbarrow
11:23 Double-Bit Axe
13:19 Forging
13:10 Scale Mail Armor
15:50 Castle Age
13:48 Gold Mining
14:01 Stone Mining
13:59 Horse Collar
19:43 Imperial Age
17:59 Iron Casting
17:50 Bow Saw
18:08 Chain Mail Armor
18:33 Squires
20:39 Hand Cart
23:06 Blast Furnace
25:18 Conscription
25:00 Perfusion
Wolsitto
3:47 Loom
9:35 Feudal Age
13:54 Castle Age
11:45 Double-Bit Axe
12:28 Horse Collar
12:41 Gold Mining
14:14 Wheelbarrow
15:13 Bow Saw
17:37 Stone Mining
34:51 Padded Archer Armor
34:42 Fletching
35:30 Caravan
36:17 Hand Cart
38:14 Heavy Plow
40:58 Leather Archer Armor
46:12 Imperial Age
45:25 Ballistics
45:17 Fortified Wall
49:29 Bloodlines
48:40 Light Cavalry
49:21 Husbandry
49:37 Scale Barding Armor
50:02 Ring Archer Armor
49:28 Bodkin Arrow
51:07 Hussar
52:14 Chain Barding Armor
52:08 Forging
52:50 Crop Rotation
53:23 Two-Man Saw
54:21 Plate Barding Armor
53:48 Bracer
54:26 Conscription
53:28 Elite Genoese Crossbowman
Connection lost

Rejoining the realm…

Still unreachable

The connection could not be restored.

Session expired

The server has moved on; the page needs a fresh start.